[Event "Titled Tuesday Blitz March 28 Late 2023"]
[White "Olsson, William"]
[Black "Mammadov, Zaur"]
[WhiteFideId "1741721"]
[BlackFideId "13401033"]
[WhiteElo "2197"]
[BlackElo "2441"]
[Result "1-0"]
[Round "01"]
[TimeControl "180+2"]
[Date "2023.03.28"]
[WhiteClock "0:00:14"]
[BlackClock "0:00:05"]

1. c4 c6 2. g3 d5 3. Nf3 Nf6 4. Bg2 g6 5. O-O Bg7 6. d3 O-O 7. Qc2 a5 8. Nc3 Na6 9. a3 dxc4 10. dxc4 Nc5 11. Rd1 Qb6 12. Be3 Qb3 13. Qc1 Nfe4 14. Nd4 Bxd4 15. Bxd4 Nxc3 16. Bxc3 Qxc4 17. Qe3 Ne6 18. Rac1 Qb5 19. Bh3 Qh5 20. Bg2 f6 21. b4 axb4 22. Bxb4 Kf7 23. Qb3 Re8 24. e4 Kg7 25. Re1 Nd4 26. Qc3 Ne2+ 27. Rxe2 Qxe2 28. Re1 Qb5 29. e5 f5 30. e6+ Kg8 31. Bf1 Qb6 32. Bc5 Qc7 33. Bc4 b6 34. Bd4 b5 35. Bh8 1-0


[Site "https://www.chess.com"]

[Event "Titled Tuesday Blitz March 28 Late 2023"]
[White "Rustemov, Alexander"]
[Black "Dudzinski, Pawel"]
[WhiteFideId "4119002"]
[BlackFideId "1117890"]
[WhiteElo "2865"]
[BlackElo "2099"]
[Result "1/2-1/2"]
[Round "01"]
[TimeControl "180+2"]
[Date "2023.03.28"]
[WhiteClock "0:00:49"]
[BlackClock "0:00:04"]

1. d4 d5 2. c4 c6 3. Nc3 e6 4. e3 f5 5. f4 Nf6 6. Nf3 Be7 7. Be2 O-O 8. O-O Bd7 9. Qb3 Qb6 10. Bd2 Be8 11. Ng5 Bf7 12. Rac1 h6 13. Nxf7 Kxf7 14. Na4 Qxb3 15. axb3 Ne4 16. Be1 Nd7 17. Bd3 Ndf6 18. h3 Bd6 19. g3 Ke7 20. Kg2 g5 21. Nc3 Nxc3 22. bxc3 gxf4 23. gxf4 Rg8+ 24. Kh2 Ne4 25. Bh4+ Kd7 26. Rg1 Be7 27. Rxg8 Rxg8 28. Be1 a6 29. cxd5 exd5 30. c4 Bd6 31. Rc2 Rg7 32. Rg2 Rxg2+ 33. Kxg2 Be7 34. Kf3 b5 35. Ke2 Bd8 36. Kd1 bxc4 37. bxc4 Be7 38. cxd5 cxd5 39. Bxa6 Ba3 40. Ke2 Bb2 41. Bb7 Ke6 42. Bc8+ Kf6 43. Bh4+ Kg6 44. Be6 Bc1 45. Bxd5 Nc3+ 46. Kf3 Nxd5 47. Bf2 Nc3 48. Be1 Ne4 49. Ke2 Kf7 50. Kd3 Ke6 51. Ke2 Kd5 52. Kd3 Bb2 53. Bh4 Ba3 54. Be1 Bd6 55. Bh4 Bf8 56. Be1 Be7 57. h4 h5 58. Ke2 Kc4 59. Kf3 Bb4 60. Bf2 Kd3 61. Bg1 Bd6 62. Bh2 Bb4 63. Bg1 Be7 64. Bh2 Bb4 65. Bg1 1/2-1/2


[Site "https://www.chess.com"]

[Event "Titled Tuesday Blitz March 28 Late 2023"]
[White "Yeritsyan, Hayk"]
[Black "Moussard, Jules"]
[WhiteFideId "13307320"]
[BlackFideId "642908"]
[WhiteElo "2440"]
[BlackElo "2610"]
[Result "0-1"]
[Round "01"]
[TimeControl "180+2"]
[Date "2023.03.28"]
[WhiteClock "0:00:02"]
[BlackClock "0:00:47"]

1. d4 e6 2. Nf3 b6 3. e3 Bb7 4. Bd3 Nf6 5. Nbd2 d5 6. Ne5 c5 7. c3 Bd6 8. f4 O-O 9. O-O Nc6 10. Qf3 Ne7 11. g4 Ne8 12. Qh3 f5 13. gxf5 exf5 14. Ndf3 Nf6 15. Ng5 Qc8 16. Kh1 h6 17. Ngf3 Ne4 18. Bd2 Bxe5 19. fxe5 Ba6 20. Bxa6 Qxa6 21. Be1 f4 22. Qe6+ Kh7 23. Bh4 Nf5 24. Qxd5 Qd3 25. Rad1 Qc2 26. Rc1 Nxe3 27. Rxc2 Nxd5 28. Re2 Ne3 29. Rfe1 g5 30. Bf2 Nxf2+ 31. Rxf2 Rad8 32. Rfe2 g4 33. Nd2 cxd4 34. cxd4 Rxd4 35. Nf1 Nxf1 36. Rxf1 f3 37. Re3 h5 38. e6 Kg6 39. e7 Re8 40. Rfe1 Kf7 41. Re5 Rd7 42. Rxh5 Rexe7 43. Rf1 Kg6 0-1


[Site "https://www.chess.com"]

[Event "Titled Tuesday Blitz March 28 Late 2023"]
[White "Nazari, Arad"]
[Black "Hoffmann, Asa"]
[WhiteFideId "12577324"]
[BlackFideId "2001470"]
[WhiteElo "2313"]
[BlackElo "2117"]
[Result "1-0"]
[Round "01"]
[TimeControl "180+2"]
[Date "2023.03.28"]
[WhiteClock "0:00:49"]
[BlackClock "0:00:32"]

1. e4 d6 2. d4 Nf6 3. Nc3 c6 4. Nf3 Bg4 5. Be2 e6 6. O-O d5 7. e5 Nfd7 8. Nb1 c5 9. c3 Nc6 10. Nbd2 Qb6 11. h3 Bh5 12. Nb3 Be7 13. Re1 O-O 14. Qc2 Bg6 15. Qd1 Rac8 16. Bf1 cxd4 17. Nbxd4 Nxd4 18. Nxd4 Bc5 19. b3 Bxd4 20. cxd4 Nb8 21. Ba3 Rfe8 22. Bc5 Rxc5 23. dxc5 Qxc5 24. Rc1 Qa3 25. Qd2 Nc6 26. Bb5 Rc8 27. Bxc6 bxc6 28. b4 h6 29. Re3 Qa4 30. Rc5 Rd8 31. Ra5 Qxa5 32. bxa5 c5 33. Rb3 c4 34. Rc3 a6 35. Rxc4 Rb8 36. Rc6 1-0


[Site "https://www.chess.com"]

[Event "Titled Tuesday Blitz March 28 Late 2023"]
[White "Kozin, Yuri"]
[Black "Costachi, Mihnea"]
[WhiteFideId "4129920"]
[BlackFideId "1217518"]
[WhiteElo "2438"]
[BlackElo "2456"]
[Result "1-0"]
[Round "01"]
[TimeControl "180+2"]
[Date "2023.03.28"]
[WhiteClock "0:00:08"]
[BlackClock "0:00:18"]

1. e4 e5 2. Nf3 Nc6 3. Bb5 a6 4. Ba4 d6 5. d4 b5 6. Bb3 Nxd4 7. Nxd4 exd4 8. Bd5 Rb8 9. Bc6+ Bd7 10. Bxd7+ Qxd7 11. Qxd4 Nf6 12. O-O Be7 13. Nc3 O-O 14. Bf4 Rfe8 15. Rad1 Qe6 16. Qa7 b4 17. Nd5 Nxd5 18. exd5 Qf5 19. Be3 Qc8 20. Rfe1 Bf6 21. Bc1 Be5 22. g3 Ra8 23. Qe3 a5 24. Qd3 Qd7 25. Qc4 g6 26. Qb3 h5 27. h4 Qg4 28. Kg2 a4 29. Qf3 Qc4 30. Qd3 Qc5 31. Be3 Qa5 32. b3 Bc3 33. Bd2 Bxd2 34. Qxd2 axb3 35. axb3 Qc5 36. Qd3 Kf8 37. Qd2 Kg7 38. Qd3 Kg8 39. Qd2 Re5 40. Rxe5 dxe5 41. Re1 Re8 42. Qd3 Kg7 43. f4 f6 44. f5 gxf5 45. Qxf5 Qxd5+ 46. Kg1 Qd4+ 47. Kh1 Qg4 48. Qd3 e4 49. Qe3 Kg6 50. Rf1 Re6 51. Kh2 f5 52. Rf4 Qd1 53. Rf2 Qd8 54. Qf4 e3 55. Qxf5+ Kg7 56. Qf7+ Kh8 57. Rf5 Rh6 58. Re5 Qg8 59. Re8 Qxe8 60. Qxe8+ Kg7 61. Qxe3 Rf6 62. Qd4 Kg6 63. Kh3 Rd6 64. Qxb4 Kf5 65. Qc3 Ke6 66. Qe3+ Kd7 67. Qg5 Rd5 68. Qxd5+ 1-0


[Site "https://www.chess.com"]

[Event "Titled Tuesday Blitz March 28 Late 2023"]
[White "Kovalev, Vladislav"]
[Black "Ozdemir, Serhan Berat"]
[WhiteFideId "13504398"]
[BlackFideId "6374611"]
[WhiteElo "2555"]
[BlackElo "2015"]
[Result "1-0"]
[Round "01"]
[TimeControl "180+2"]
[Date "2023.03.28"]
[WhiteClock "0:00:33"]
[BlackClock "0:00:01"]

1. e4 c5 2. Nf3 e6 3. d4 cxd4 4. Nxd4 a6 5. Nc3 b5 6. Bd3 Qb6 7. Nf3 Qc7 8. O-O Bb7 9. e5 Be7 10. Re1 f5 11. Ng5 g6 12. a4 b4 13. Ne2 h6 14. Nh3 Nc6 15. Nef4 Nxe5 16. Rxe5 Qxe5 17. Nxg6 Qg7 18. Nhf4 Bd6 19. Nxh8 Bxf4 20. Qh5+ Kd8 21. Qg6 Qxg6 22. Nxg6 Bxc1 23. Rxc1 Ne7 24. Ne5 Nc6 25. Nxc6+ Bxc6 26. f4 Bxa4 27. Ra1 Bc6 28. Rxa6 Rb8 29. Kf2 Ke7 30. g3 h5 31. h4 Rc8 32. Rb6 Be4 33. Rxb4 Bxd3 34. cxd3 Rc2+ 35. Kf3 Rd2 36. Rb3 Rh2 37. d4 Kd6 38. Rb8 Rd2 39. Rh8 Rxd4 40. Rxh5 Rd3+ 41. Kg2 Rb3 42. Kh3 Rxb2 43. Rh8 Ke7 44. Ra8 Rb1 45. Ra7 Rh1+ 46. Kg2 Rb1 47. Ra2 Rc1 48. Kf3 d5 49. Ra7+ Kd6 50. h5 Rh1 51. Rh7 d4 52. Kg2 Rd1 53. h6 Rd2+ 54. Kh3 Rd1 55. Kh4 d3 56. Rh8 Rh1+ 57. Kg5 Kd5 58. Rd8+ Ke4 59. Kg6 Kf3 60. Rxd3+ Kg4 61. Re3 Rh3 62. h7 Rh2 63. Kg7 Rxh7+ 64. Kxh7 1-0


[Site "https://www.chess.com"]

[Event "Titled Tuesday Blitz March 28 Late 2023"]
[White "reevecanada"]
[Black "Bernadskiy, Vitaliy"]
[BlackFideId "14100371"]
[WhiteElo "2436"]
[BlackElo "2488"]
[Result "0-1"]
[Round "01"]
[TimeControl "180+2"]
[Date "2023.03.28"]
[WhiteClock "0:00:19"]
[BlackClock "0:01:22"]

1. e4 c5 2. Nf3 Nc6 3. Bb5 e6 4. Bxc6 bxc6 5. O-O Ne7 6. d4 cxd4 7. Qxd4 Ng6 8. Nc3 c5 9. Qd3 Be7 10. g3 O-O 11. h4 Bf6 12. h5 Ne5 13. Nxe5 Bxe5 14. Be3 d6 15. Rad1 Qb6 16. f4 Ba6 17. Na4 Qc6 18. Qa3 Bxf1 19. fxe5 Bb5 20. Rxd6 Qxe4 21. Nxc5 Qxe5 22. Rd4 Rad8 23. Rg4 Rd1+ 24. Kh2 Qxh5+ 25. Rh4 Bc6 26. Bg1 Qe2+ 27. Kh3 Qf1+ 28. Kg4 Qf5# 0-1


[Site "https://www.chess.com"]

[Event "Titled Tuesday Blitz March 28 Late 2023"]
[White "Shankland, Sam"]
[Black "Vaglio Munoz, Jaime"]
[WhiteFideId "2004887"]
[BlackFideId "6500145"]
[WhiteElo "2638"]
[BlackElo "2199"]
[Result "1/2-1/2"]
[Round "01"]
[TimeControl "180+2"]
[Date "2023.03.28"]
[WhiteClock "0:00:56"]
[BlackClock "0:00:05"]

1. e4 d6 2. Nc3 Nf6 3. d4 e5 4. Nf3 Nbd7 5. Bc4 Be7 6. O-O O-O 7. Re1 exd4 8. Nxd4 Ne5 9. Bf1 Re8 10. h3 c5 11. Nde2 Bf8 12. Nf4 a6 13. b3 b5 14. Bb2 Bb7 15. Qd2 Ng6 16. Nfd5 b4 17. Nxf6+ Qxf6 18. Na4 Qf4 19. Qxf4 Nxf4 20. g3 Ne6 21. Bg2 Rad8 22. Rad1 Nc7 23. Nb6 Nb5 24. f3 g6 25. Bf1 Bg7 26. Bxg7 Kxg7 27. Rd2 f5 28. Bd3 Nc3 29. Nc4 d5 30. Na5 dxe4 31. Nxb7 exd3 32. Rxe8 Rxe8 33. cxd3 Re5 34. Kf2 Kf6 35. Nd6 Rd5 36. Nc4 g5 37. f4 h6 38. Ke3 Rd8 39. Kf3 gxf4 40. Kxf4 Re8 41. Ne3 Re5 42. g4 Nd5+ 43. Nxd5+ Rxd5 44. gxf5 Rd4+ 45. Ke3 Kxf5 46. Rc2 Rd5 47. Rc4 Re5+ 48. Kd2 a5 49. Rh4 Kg5 50. Rg4+ Kf5 51. Rg8 h5 52. Ra8 Kf4 53. Rxa5 Kg3 54. d4 Rd5 55. Rxc5 Rxd4+ 56. Ke3 Rh4 57. Rg5+ Kxh3 58. Kf3 Kh2 59. Rg2+ Kh1 60. Rg3 Rh2 61. Rg5 h4 62. Rg4 h3 63. Rh4 Kg1 64. Ke3 Kf1 65. Kd3 Ke1 66. Kc4 Kf2 67. Kxb4 Kg3 68. Rh8 Rxa2 69. Kc5 h2 70. b4 Ra1 71. b5 h1=Q 72. Rxh1 Rxh1 73. b6 Rc1+ 74. Kd6 Rb1 75. Kc7 Rxb6 76. Kxb6 1/2-1/2


[Site "https://www.chess.com"]

[Event "Titled Tuesday Blitz March 28 Late 2023"]
[White "Fieberg, Samuel"]
[Black "Bartel, Mateusz"]
[WhiteFideId "12901717"]
[BlackFideId "1112635"]
[WhiteElo "2433"]
[BlackElo "2521"]
[Result "0-1"]
[Round "01"]
[TimeControl "180+2"]
[Date "2023.03.28"]
[WhiteClock "0:01:11"]
[BlackClock "0:01:11"]

1. d4 Nf6 2. c4 e6 3. Nf3 Bb4+ 4. Nbd2 O-O 5. g3 c5 6. dxc5 Bxc5 7. Bg2 Nc6 8. O-O b6 9. a3 Bb7 10. b4 Be7 11. Bb2 a5 12. b5 Nb8 13. Re1 d6 14. e4 e5 15. Nh4 g6 16. Qe2 Nbd7 17. Nb3 a4 18. Nc1 Nc5 19. f3 Rc8 20. Bf1 Nh5 21. Ng2 Ng7 22. Na2 Nge6 23. Rad1 Qe8 24. Nb4 f5 25. Nd5 fxe4 26. fxe4 Ng5 27. Nge3 Nf3+ 28. Kh1 Nxe1 29. Rxe1 Nxe4 30. Bg2 Nc5 31. Nxe7+ Qxe7 32. Nd5 Bxd5 33. Bxd5+ Kh8 34. Bc3 Rf6 35. Qb2 Rcf8 36. g4 Nd3 0-1


[Site "https://www.chess.com"]

[Event "Titled Tuesday Blitz March 28 Late 2023"]
[White "Pichot, Alan"]
[Black "Gonzalez, Francisco Silva"]
[WhiteFideId "110973"]
[BlackFideId "1512285"]
[WhiteElo "2573"]
[BlackElo "2074"]
[Result "1-0"]
[Round "01"]
[TimeControl "180+2"]
[Date "2023.03.28"]
[WhiteClock "0:01:20"]
[BlackClock "0:00:07"]

1. e4 e5 2. Nf3 Nc6 3. Bc4 Bc5 4. O-O Nf6 5. d3 d6 6. h3 a6 7. Nc3 Ba7 8. Be3 h6 9. Bxa7 Rxa7 10. d4 O-O 11. Re1 Bd7 12. Bb3 Ra8 13. Qd2 Re8 14. Rad1 exd4 15. Nxd4 Ne5 16. f4 Ng6 17. f5 Ne5 18. Qf4 c5 19. Nf3 c4 20. Rxd6 Nxf3+ 21. gxf3 cxb3 22. axb3 Qc7 23. Red1 Qc5+ 24. Kg2 Bc6 25. Qd2 Nh5 26. Qd4 Qxd4 27. R1xd4 f6 28. Kf2 Re7 29. Ke3 Rae8 30. b4 Ng3 31. Kf4 Nxe4 32. fxe4 Rxe4+ 33. Nxe4 Kf7 34. Rxc6 Rxe4+ 35. Kxe4 bxc6 36. Rd7+ Kf8 37. Kd4 g5 38. fxg6 h5 39. Rf7+ Kg8 40. Ke4 c5 41. Kf5 cxb4 42. Kxf6 a5 43. Rc7 1-0


[Site "https://www.chess.com"]

[Event "Titled Tuesday Blitz March 28 Late 2023"]
[White "Urbina Perez, Juan Antonio"]
[Black "Ashraf, Artin"]
[WhiteFideId "2217368"]
[BlackFideId "22514805"]
[WhiteElo "2197"]
[BlackElo "2188"]
[Result "1/2-1/2"]
[Round "01"]
[TimeControl "180+2"]
[Date "2023.03.28"]
[WhiteClock "0:00:53"]
[BlackClock "0:00:13"]

1. c4 c5 2. Nf3 g6 3. g3 Bg7 4. Bg2 Nc6 5. O-O d6 6. Nc3 e5 7. d3 Nge7 8. Rb1 O-O 9. a3 a5 10. Nd5 h6 11. Bd2 Be6 12. Nxe7+ Qxe7 13. b4 axb4 14. axb4 b6 15. bxc5 bxc5 16. Qc2 Ra6 17. Bc3 Rfa8 18. Ra1 Rxa1 19. Rxa1 Rxa1+ 20. Bxa1 e4 21. dxe4 Bxa1 22. Qa4 Nd4 23. Qxa1 Nxe2+ 24. Kh1 Bxc4 25. e5 Bd5 26. exd6 Qxd6 27. Qd1 Qe6 28. Ng1 Bxg2+ 29. Kxg2 Nd4 30. Qa4 c4 31. Qa8+ Kh7 32. Qa7 Qd5+ 33. f3 c3 34. Qc7 c2 35. h4 h5 36. Kf2 Qf5 37. Qc4 Qf6 38. f4 Qb6 39. Qxf7+ Kh8 40. Qf8+ Kh7 41. Qf7+ Kh6 42. Qf8+ Kh7 43. Qf7+ 1/2-1/2


[Site "https://www.chess.com"]

[Event "Titled Tuesday Blitz March 28 Late 2023"]
[White "Pakleza, Zbigniew"]
[Black "Dzida, Kamil"]
[WhiteFideId "1119290"]
[BlackFideId "21828652"]
[WhiteElo "2410"]
[BlackElo "2139"]
[Result "1-0"]
[Round "01"]
[TimeControl "180+2"]
[Date "2023.03.28"]
[WhiteClock "0:00:23"]
[BlackClock "0:00:18"]

1. d4 Nf6 2. Nf3 e6 3. Bf4 c5 4. c3 Nc6 5. e3 d5 6. Nbd2 Bd6 7. Bg3 O-O 8. Bd3 b6 9. Ne5 Ne7 10. f4 Nf5 11. Bf2 Be7 12. Qc2 Nd6 13. Bh4 Nfe4 14. Bxe7 Qxe7 15. Nxe4 Nxe4 16. Bxe4 dxe4 17. Qxe4 Bb7 18. Qc2 Rfd8 19. O-O Rac8 20. Rad1 f6 21. Nf3 Qf7 22. a3 Qh5 23. e4 cxd4 24. Nxd4 e5 25. Nf5 Rxd1 26. Qxd1 Qxd1 27. Rxd1 Kf8 28. Rd7 Bxe4 29. Nd6 Bc6 30. Rf7+ Kg8 31. Rxa7 Rd8 32. fxe5 fxe5 33. Nf5 Rd1+ 34. Kf2 Rd2+ 35. Ke3 Rxg2 36. Ne7+ Kf7 37. Nxc6+ Kg6 38. Nxe5+ Kf5 39. Nd3 Rxh2 40. Rxg7 Rh3+ 41. Kd4 Rh4+ 42. Kd5 Rh3 43. Rf7+ Kg6 44. Nf4+ Kg5 45. Nxh3+ 1-0


[Site "https://www.chess.com"]

[Event "Titled Tuesday Blitz March 28 Late 2023"]
[White "Foerster-Yialamas, Lucas"]
[Black "Gokerkan, Cem Kaan"]
[WhiteFideId "30901774"]
[BlackFideId "6336760"]
[WhiteElo "2067"]
[BlackElo "2365"]
[Result "1/2-1/2"]
[Round "01"]
[TimeControl "180+2"]
[Date "2023.03.28"]
[WhiteClock "0:00:20"]
[BlackClock "0:00:07"]

1. e3 a6 2. d4 b5 3. a4 Bb7 4. axb5 axb5 5. Rxa8 Bxa8 6. Nf3 b4 7. c3 e6 8. Qa4 Bxf3 9. gxf3 bxc3 10. Nxc3 Nf6 11. e4 Be7 12. e5 Nd5 13. Nxd5 exd5 14. Rg1 O-O 15. Bh6 g6 16. Bxf8 Qxf8 17. f4 Nc6 18. f5 Bb4+ 19. Kd1 Qh6 20. Qa8+ Bf8 21. fxg6 hxg6 22. Rg4 Qxh2 23. e6 Qxf2 24. Bd3 fxe6 25. Qe8 Ne7 26. Rxg6+ Nxg6 27. Qxg6+ Bg7 28. Qe8+ Qf8 29. Qxd7 Qf3+ 30. Be2 Qh1+ 31. Kc2 Qe4+ 32. Bd3 Qxd4 33. Qxe6+ Kf8 34. Qc8+ Ke7 35. Qxc7+ Kf6 36. Qd6+ Kg5 37. Qg6+ Kf4 38. Qf7+ Bf6 39. Qc7+ Kf3 40. Qc3 Qa4+ 41. Qb3 Qc6+ 42. Kd2 Bg5+ 43. Ke1 Qc1+ 44. Qd1+ Qxd1+ 45. Kxd1 Ke3 46. Kc2 Bf6 47. b4 Be7 48. b5 Bc5 49. Kc3 d4+ 50. Kc4 Bb6 51. Bf1 Kf2 52. Bd3 Ke3 53. Bb1 Ba7 54. Bd3 Kd2 55. Bf5 Ke3 56. Kd5 d3 57. Bxd3 Kxd3 58. Kc6 Bd4 59. b6 Bxb6 1/2-1/2


[Site "https://www.chess.com"]

[Event "Titled Tuesday Blitz March 28 Late 2023"]
[White "Van Foreest, Lucas"]
[Black "Przybylski, Wojciech"]
[WhiteFideId "1039792"]
[BlackFideId "1117599"]
[WhiteElo "2519"]
[BlackElo "2222"]
[Result "1-0"]
[Round "01"]
[TimeControl "180+2"]
[Date "2023.03.28"]
[WhiteClock "0:01:42"]
[BlackClock "0:00:05"]

1. e4 e5 2. Qg4 Nc6 3. Qg3 Nf6 4. Nc3 Nd4 5. Qxe5+ Ne6 6. Qg3 d6 7. d3 g6 8. Be2 Bg7 9. Be3 O-O 10. Nh3 b5 11. O-O b4 12. Nd1 d5 13. e5 Nd7 14. f4 f6 15. d4 c5 16. c3 bxc3 17. bxc3 Rb8 18. Ndf2 Rb2 19. Bf3 Bb7 20. Nd3 Rc2 21. Rfc1 Rxc1+ 22. Rxc1 Qa5 23. f5 gxf5 24. Nhf4 Nxf4 25. Bxf4 fxe5 26. dxe5 Qa6 27. Be2 Qg6 28. Qxg6 hxg6 29. e6 Nb6 30. Nxc5 Bc8 31. Bb5 Bf6 32. Bd6 Bg5 33. Re1 Bxe6 34. Bxf8 Bf7 35. Bd6 Bf6 36. Be5 Be7 37. Bd4 Bg5 38. g3 Bh6 39. h4 g5 40. hxg5 Bxg5 41. a4 Nc8 42. Be8 Nd6 43. Bxf7+ Kxf7 44. Re6 Nc4 45. Ra6 Bd2 46. Rxa7+ Kg6 47. Rg7+ Kh5 48. Nd3 Nd6 49. Nf4+ Kh6 50. Rg6+ Kh7 51. Rxd6 1-0


[Site "https://www.chess.com"]

[Event "Titled Tuesday Blitz March 28 Late 2023"]
[White "Senft, Sean"]
[Black "Timmermans, Mark"]
[WhiteFideId "2044960"]
[BlackFideId "1026399"]
[WhiteElo "1989"]
[BlackElo "2460"]
[Result "0-1"]
[Round "01"]
[TimeControl "180+2"]
[Date "2023.03.28"]
[WhiteClock "0:00:01"]
[BlackClock "0:00:40"]

1. e4 e5 2. Nf3 Nc6 3. Nc3 Nf6 4. Bb5 Bd6 5. d3 O-O 6. O-O Re8 7. Bg5 h6 8. Bh4 Bf8 9. Nd5 g5 10. Bg3 d6 11. Ne3 a6 12. Bc4 Nd4 13. c3 Ne6 14. h4 g4 15. Nh2 h5 16. f3 Nf4 17. fxg4 d5 18. Bxf4 exf4 19. Nxd5 Nxd5 20. Bxd5 c6 21. Bb3 Qxh4 22. Rxf4 Be6 23. Qf3 Bd6 24. g3 Qh3 25. Rf6 h4 26. Bxe6 Rxe6 27. Rxe6 fxe6 28. Rf1 Rf8 29. Qg2 Qxg3 30. Rxf8+ Kxf8 31. Qxg3 hxg3 32. Nf1 Bf4 33. Kg2 Bc1 34. b3 Kf7 35. Kxg3 Kf6 36. Kf3 Bb2 37. c4 c5 38. Ng3 Be5 39. Ne2 Kg5 40. a3 a5 41. Ng1 Kh4 42. Ne2 Kg5 43. Ke3 Bb2 44. a4 Kxg4 45. d4 Kg5 46. d5 exd5 47. cxd5 Kf6 48. Kf4 Be5+ 49. Ke3 Bb8 50. Kf3 Ke5 51. Ke3 Kf6 52. Kd3 Ke5 53. Nc1 Ba7 54. Ke3 c4+ 55. Kf3 c3 56. Nd3+ Kd4 57. Ne1 Bb8 58. Ke2 Kxe4 59. Nc2 Bg3 0-1


[Site "https://www.chess.com"]

[Event "Titled Tuesday Blitz March 28 Late 2023"]
[White "Perez Ponsa, Federico"]
[Black "Melikhov, Evgeny V."]
[WhiteFideId "117927"]
[BlackFideId "4122046"]
[WhiteElo "2592"]
[BlackElo "2158"]
[Result "1-0"]
[Round "01"]
[TimeControl "180+2"]
[Date "2023.03.28"]
[WhiteClock "0:01:13"]
[BlackClock "0:00:09"]

1. e4 e5 2. Nf3 Nc6 3. d4 exd4 4. Nxd4 Bc5 5. Nb3 Bb6 6. Qe2 Nf6 7. e5 Nd5 8. c4 Nde7 9. c5 Ba5+ 10. Nxa5 Nxa5 11. Nc3 O-O 12. Qe4 d6 13. Bg5 dxe5 14. Rd1 Qe8 15. Nb5 Qc6 16. Bd3 Bf5 17. Qxc6 Naxc6 18. Nxc7 Rad8 19. Bc4 Rxd1+ 20. Kxd1 Rc8 21. Nb5 Rd8+ 22. Nd6 b6 23. Kc1 bxc5 24. Nxf5 Rd7 25. Bxe7 Nxe7 26. Nxe7+ Rxe7 27. Rd1 g6 28. Rd5 Kg7 29. Rxc5 e4 30. Kd2 1-0


[Site "https://www.chess.com"]

[Event "Titled Tuesday Blitz March 28 Late 2023"]
[White "Rios Escobar, Adan"]
[Black "Urazayev, Arystanbek"]
[WhiteFideId "3403645"]
[BlackFideId "13709810"]
[WhiteElo "2421"]
[BlackElo "2479"]
[Result "0-1"]
[Round "01"]
[TimeControl "180+2"]
[Date "2023.03.28"]
[WhiteClock "0:00:01"]
[BlackClock "0:00:37"]

1. d4 Nf6 2. g3 e6 3. c4 d5 4. Bg2 Be7 5. Nf3 O-O 6. O-O c6 7. Qc2 b6 8. Rd1 Nbd7 9. Nbd2 Ba6 10. b3 c5 11. dxc5 bxc5 12. cxd5 exd5 13. Nf1 Qb6 14. Ne3 Bb7 15. Bb2 Rfe8 16. Rac1 Bf8 17. Ng5 h6 18. Nh3 d4 19. Nc4 Qa6 20. Bxb7 Qxb7 21. Nf4 Nb6 22. Re1 Nbd5 23. Nxd5 Qxd5 24. Rcd1 Qh5 25. Kg2 Rad8 26. h3 Ne4 27. Rd3 Ng5 28. h4 Ne6 29. Rf3 Qg4 30. Qf5 Qxf5 31. Rxf5 d3 32. exd3 Nf4+ 33. Kf1 Rxe1+ 34. Kxe1 Nxd3+ 35. Ke2 g6 36. Rf3 Nxb2 37. Nxb2 Bg7 38. Na4 Bd4 39. Rd3 f5 40. Nxc5 Re8+ 41. Kf3 Bxc5 42. Rd7 Re7 43. Rd8+ Kg7 44. a3 Bxa3 45. Rd5 Bb4 46. Rb5 a5 47. h5 gxh5 48. Kg2 Kf6 49. Rb6+ Re6 50. Rb5 h4 51. gxh4 Kg6 52. h5+ Kg5 53. Kg3 Rf6 54. f4+ Kxh5 55. Rd5 Be1+ 56. Kh3 Kg6 57. Re5 Bb4 58. Re3 Rc6 59. Re8 Rc3+ 60. Kh4 Rc1 61. Kh3 Rf1 62. Kg3 Bd2 63. Rg8+ Kh5 64. Ra8 Rxf4 65. Ra6 Rb4 0-1


[Site "https://www.chess.com"]

[Event "Titled Tuesday Blitz March 28 Late 2023"]
[White "Ozen, Bahadir"]
[Black "Vafin, Ayrat"]
[WhiteFideId "6337058"]
[BlackFideId "4146530"]
[WhiteElo "2503"]
[BlackElo "2317"]
[Result "1-0"]
[Round "01"]
[TimeControl "180+2"]
[Date "2023.03.28"]
[WhiteClock "0:00:29"]
[BlackClock "0:00:03"]

1. h3 d5 2. Nf3 Nc6 3. d4 Bf5 4. e3 Nb4 5. Bb5+ c6 6. Ba4 Qa5 7. Nc3 Nf6 8. a3 Na6 9. b4 Qc7 10. b5 Nb8 11. bxc6 Nxc6 12. Rb1 e6 13. Ne5 Rc8 14. g4 Ne4 15. Bd2 Nxc3 16. Bxc3 Bg6 17. h4 f6 18. Nxg6 hxg6 19. Qd3 Kf7 20. Bd2 Bd6 21. c4 dxc4 22. Qxc4 Ne7 23. Qxc7 Rxc7 24. Ke2 Bxa3 25. Bb3 Bd6 26. Ra1 b6 27. Ra6 Nd5 28. Rha1 Rxh4 29. Rxa7 Rxa7 30. Rxa7+ Kg8 31. Rd7 Bf8 32. e4 Ne7 33. Bxe6+ Kh7 34. Rd8 1-0


[Site "https://www.chess.com"]

[Event "Titled Tuesday Blitz March 28 Late 2023"]
[White "Kazmaier, Daniel"]
[Black "Corrales Jimenez, Fidel"]
[WhiteFideId "2606089"]
[BlackFideId "3506690"]
[WhiteElo "2420"]
[BlackElo "2541"]
[Result "0-1"]
[Round "01"]
[TimeControl "180+2"]
[Date "2023.03.28"]
[WhiteClock "0:00:09"]
[BlackClock "0:01:19"]

1. e4 e5 2. Nc3 Nc6 3. g3 Nf6 4. Bg2 g6 5. Nge2 Bg7 6. d4 exd4 7. Nxd4 O-O 8. Nxc6 bxc6 9. O-O d6 10. h3 Nd7 11. Be3 Rb8 12. Rb1 Ba6 13. Re1 Nb6 14. Bd4 c5 15. Bxg7 Kxg7 16. b3 Re8 17. Qd2 Qf6 18. Rbd1 h5 19. f4 Re7 20. h4 Rbe8 21. Kh2 Bc8 22. Bf3 Bg4 23. Bxg4 hxg4 24. a4 a5 25. Re3 c4 26. Rde1 cxb3 27. cxb3 Kg8 28. Nd5 Nxd5 29. Qxd5 c5 30. R1e2 Kg7 31. Rd3 Re6 32. Rde3 Rh8 33. Kg2 Rb8 34. e5 Qf5 35. Qc4 Rb4 36. Qc3 d5 37. Qxc5 d4 38. Re4 d3 39. Rxb4 axb4 40. Rd2 Qe4+ 41. Kh2 Rc6 42. Qf2 Rc2 43. Rxc2 dxc2 44. Qd2 Qc6 45. Qc1 Qc3 46. f5 Qd3 47. f6+ Kh7 48. e6 Qe2+ 49. Kg1 Qd1+ 50. Kf2 Qxc1 0-1


[Site "https://www.chess.com"]

[Event "Titled Tuesday Blitz March 28 Late 2023"]
[White "Preotu, Razvan"]
[Black "Rottenwohrer Suarez, Juan"]
[WhiteFideId "2613280"]
[BlackFideId "32068182"]
[WhiteElo "2407"]
[BlackElo "2174"]
[Result "1-0"]
[Round "01"]
[TimeControl "180+2"]
[Date "2023.03.28"]
[WhiteClock "0:00:06"]
[BlackClock "0:00:01"]

1. e4 c6 2. Nc3 d5 3. Nf3 Bg4 4. h3 Bxf3 5. Qxf3 d4 6. Bc4 e6 7. Ne2 Nf6 8. c3 c5 9. e5 Nd5 10. cxd4 Nc6 11. Bb5 Qb6 12. Nc3 Nb4 13. dxc5 Bxc5 14. O-O O-O 15. Bxc6 Nxc6 16. Qg3 Bd4 17. Re1 Qa5 18. d3 Bxe5 19. Bf4 Bxf4 20. Qxf4 Rfd8 21. Re3 Qf5 22. Qxf5 exf5 23. Ne2 g6 24. Rc1 Rd7 25. a3 Rad8 26. Rc3 Kg7 27. h4 Ne7 28. Nf4 Nd5 29. Nxd5 Rxd5 30. Re7 R8d7 31. Rxd7 Rxd7 32. f4 h5 33. Kf2 Kf6 34. Ke3 Ke6 35. Rc4 b6 36. a4 Re7 37. Kd2 Kd5 38. Rc8 Kd6 39. b4 Kd5 40. b5 Kd6 41. Rc6+ Kd5 42. Kc3 Rd7 43. Kd2 Re7 44. Rc1 Rd7 45. Re1 Kc5 46. Kc3 Rc7 47. Re5+ Kd6+ 48. Kd2 Rd7 49. Re8 Rc7 50. d4 Kd5 51. Kd3 Rc1 52. Re7 Rd1+ 53. Kc3 Rc1+ 54. Kb2 Rd1 55. Rxa7 Ke4 56. a5 Rd2+ 57. Kc3 Rd3+ 58. Kc2 bxa5 59. Rxa5 Rxd4 60. Kc3 Rd3+ 61. Kc4 Rd2 62. Ra3 Rc2+ 63. Rc3 Rb2 64. Rb3 Rc2+ 65. Kb4 Kxf4 66. b6 Rc8 67. b7 Rb8 68. Kc5 Kg4 69. Kd6 Kxh4 70. Kc7 Rxb7+ 71. Kxb7 f4 72. Kc6 g5 73. Kd5 f5 74. Ke5 Kg4 75. Ra3 h4 76. Rb3 h3 77. gxh3+ Kh4 78. Kxf5 1-0


[Site "https://www.chess.com"]

[Event "Titled Tuesday Blitz March 28 Late 2023"]
[White "Vedder, Richard"]
[Black "Gorodetzky, David"]
[WhiteFideId "1004166"]
[BlackFideId "2813416"]
[WhiteElo "2168"]
[BlackElo "2484"]
[Result "0-1"]
[Round "01"]
[TimeControl "180+2"]
[Date "2023.03.28"]
[WhiteClock "0:00:16"]
[BlackClock "0:00:16"]

1. d4 d5 2. c4 e6 3. Nc3 Bb4 4. a3 Bxc3+ 5. bxc3 Nf6 6. f3 O-O 7. e3 b6 8. cxd5 exd5 9. Ra2 c5 10. Ne2 Ba6 11. Ng3 Bxf1 12. Nxf1 Nc6 13. Ng3 Re8 14. O-O Na5 15. Re2 h5 16. e4 dxe4 17. fxe4 h4 18. e5 hxg3 19. exf6 gxh2+ 20. Kh1 cxd4 21. fxg7 Qd5 22. Ref2 Re6 23. Rxf7 Rg6 24. Qf3 Qxf3 25. R7xf3 Rxg7 26. cxd4 Rd8 27. Bh6 Rg6 28. Rf8+ Rxf8 29. Rxf8+ Kh7 30. Be3 Re6 31. Bf2 Kg7 32. Ra8 Re7 33. Kxh2 Nc4 34. a4 Nb2 35. a5 bxa5 36. d5 Nc4 37. Rxa7 Kf7 38. Ra6 Re2 39. Bc5 Re5 40. Ra7+ Ke8 41. Ra8+ Kd7 42. Ra7+ Kc8 43. Ra8+ Kb7 44. Ra7+ Kb8 45. Rxa5 Rh5+ 46. Kg3 Nxa5 47. Bd6+ Kc8 48. Bb4 Rxd5 0-1


[Site "https://www.chess.com"]